 Dungeon Crawl Stone Soup version 0.27-a0-1081-ge8a0a9c698 (webtiles) character file.

Game seed: 6152816258629041572

107 tardwrangler69 the Poker (level 4, -1/35 HPs)
             Began as a Merfolk Gladiator on Apr 25, 2021.
             Slain by an adder (2 damage)
             ... on level 3 of the Dungeon.
             The game lasted 00:02:30 (2815 turns).

tardwrangler69 the Poker (Merfolk Gladiator)        Turns: 2815, Time: 00:02:31

Health: -1/35      AC:  4    Str: 13 (15) XL:     4   Next: 86%
Magic:  4/4        EV: 10    Int:  5 (7)  God:
Gold:   71         SH:  7    Dex: 14 (15) Spells: 3/3 levels left

rFire    . . .     SeeInvis .   a - +0 trident
rCold    . . .     Faith    .   r - +0 kite shield
rNeg     . . .     Spirit   .   b - +0 leather armour
rPois    .         Reflect  .   c - +0 helmet
rElec    .         Harm     .   (no cloak)
rCorr    .         Rampage  .   (no gloves)
Will     .....                  (no boots)
Stlth    +.........             (no amulet)
HPRegen  0.11/turn              (no ring)
MPRegen  0.09/turn              (no ring)

@: lethally poisoned (-1 -> -9)
A: (nimble swimmer 2), mertail
a: no special abilities


You were on level 3 of the Dungeon.
You visited 1 branch of the dungeon, and saw 3 of its levels.

You collected 71 gold pieces.

Inventory:

Hand Weapons
 a - a +0 trident (weapon)
Missiles
 d - 3 throwing nets (quivered)
Armour
 b - a +0 leather armour (worn)
 c - a +0 helmet (worn)
 r - a +0 kite shield (worn)
Jewellery
 i - a ring of see invisible
Scrolls
 f - a scroll of enchant weapon {unknown}
 g - a scroll of acquirement {unknown}
 h - a scroll of summoning {unknown}
 j - 3 scrolls of teleportation {unknown}
 k - 2 scrolls of identify {unknown}
 l - a scroll of immolation {unknown}
 n - a scroll of holy word {unknown}
 p - 2 scrolls of enchant armour {unknown}
 q - a scroll of magic mapping {unknown}
Potions
 o - a potion of brilliance {unknown}
 s - a potion of mutation {unknown}
 t - a potion of attraction {unknown}
 u - a potion of flight {unknown}


   Skills:
 + Level 3.2 Fighting
 * Level 6.3 Polearms
 - Level 2.0 Throwing
 + Level 4.9 Dodging
 + Level 0.4 Shields


You had 3 spell levels left.
You didn't know any spells.
Your spell library was empty.

Dungeon Overview and Level Annotations

Branches:
Dungeon (3/15)

Altars:


Innate Abilities, Weirdness & Mutations

((You are quick and stealthy near water. (Stealth+, EV+, Speed+++)))
Your lower body shifts to a powerful aquatic tail in water.


Message History

You block the adder's attack.
You closely miss the adder. The adder barely misses you.
The adder closely misses you.
You closely miss the adder. The adder barely misses you.
You barely miss the adder. The adder bites you.
You are poisoned.
The adder poisons you! The adder barely misses you.
You barely miss the adder.
You feel sick. The adder bites you. The adder misses you.
You closely miss the adder.
You feel sick. The adder barely misses you.
Your shield prevents you from hitting the adder.
You feel sick.
You are no longer poisoned.
You block the adder's attack. The adder bites you but does no damage.
You puncture the adder!
The adder is severely wounded.
You hear the rusting of a distant drain.
The adder bites you but does no damage.
Okay, then.
You miss the adder.
The adder is severely wounded.
The adder bites you but does no damage. x2
You hit the adder but do no damage.
The adder is severely wounded.
The adder bites you. The adder misses you.
You miss the adder.
The adder is severely wounded.
The adder bites you.
* * * LOW HITPOINT WARNING * * *
You are poisoned.
The adder poisons you!
You miss the adder.
The adder is severely wounded.
* * * LOW HITPOINT WARNING * * *
You feel very sick. The adder bites you.
* * * LOW HITPOINT WARNING * * *
You are more poisoned.
The adder poisons you! The adder bites you.
You die...

.(..........# .
............# .#
............##.#(
.................
......#.#........
#.............#
#...?#o#o...#... ## #####
##### ##S######
.###...###.## ##@##
#...###.#.#.###.## #####
##.###...## .## #.##
####.# #.## ..# #..
##.#######################
.........................#
≈≈≈≈≈≈≈≈≈≈≈≈≈≈≈≈≈≈≈≈≈≈≈≈≈≈
≈≈≈≈≈≈≈≈≈≈≈≈≈≈≈≈≈≈≈≈≈≈≈≈≈≈


You could see an adder and an orc.

Vanquished Creatures
  Terence (D:2)
  A gnoll (D:3)
  An adder (D:2)
  A dart slug (D:1)
  5 orcs (D:3)
  2 bats
  6 endoplasms
  A giant cockroach (D:2)
  7 goblins
  4 hobgoblins
  2 jackals (D:2)
  4 quokkas
  4 ball pythons
  5 frilled lizards
  3 kobolds
  A quokka skeleton (D:3)
  5 rats
53 creatures vanquished.

Notes
Turn   | Place    | Note
-------+----------+-------------------------------------------
     0 | D:1      | tardwrangler69 the Merfolk Gladiator began the quest for
                  | the Orb.
     0 | D:1      | Reached XP level 1. HP: 16/16 MP: 1/1
    90 | D:1      | Reached XP level 2. HP: 23/23 MP: 2/2
   204 | D:1      | Reached skill level 5 in Polearms
   412 | D:1      | Reached XP level 3. HP: 28/28 MP: 3/3
   493 | D:1      | Found a faded altar of an unknown god.
  1403 | D:2      | Noticed Terence
  1643 | D:2      | Killed Terence
  1644 | D:2      | Reached XP level 4. HP: 12/35 MP: 4/4
  2276 | D:2      | Reached skill level 6 in Polearms
  2815 | D:3      | HP: 1/35 [adder (4)]
  2815 | D:3      | Slain by an adder

Illustrated notes

Levels and vault maps discovered:
D:1:      nzn_arrival_settlement, layout_basic,
          shapermc_ecumenical_altar_mp_vishouse, minmay_domino_2
D:2:      layout_basic, kennysheep_generic_room_3, uniq_terence
D:3:      wad_river_or_something, layout_loops_cross, lemuel_tele_altar,
          portal_sewer_entry_b, minmay_ruptured

Skill      XL: |  1  2  3  4 |
---------------+-------------+-----
Polearms       | 5 6 |  6.3
Fighting       | 3 |  3.2
Throwing       | |  2.0
Dodging        | |  4.9
Shields        | |  0.4

Action                   |  1- 3 |  4- 6 || total
-------------------------+-------+-------++-------
Melee: Trident           |   100 |    71 ||   171
  Use: Potion            |       |     2 ||     2
 Stab: Sleeping          |     1 |     1 ||     2
Armor: Leather armour    |    20 |    15 ||    35
Dodge: Dodged            |    49 |    31 ||    80
Block: Kite shield       |       |    17 ||    17

Table legend: (Time is in decaauts)
 A = Elapsed time spent in this place.
 B = Non-inter-level travel time spent in this place.
 C = Inter-level travel time spent in this place.
 D = Time resting spent in this place.
 E = Time spent auto-exploring this place.
 F = Levels seen in this place.
 G = Mean time per level.
                   A        B        C        D        E       F      G
               +--------+--------+--------+--------+--------+-----+--------+
         Total |   2835 |   2729 |    106 |      0 |   2327 |   3 |  945.0 |
       Dungeon |   2835 |   2729 |    106 |      0 |   2327 |   3 |  945.0 |
               +--------+--------+--------+--------+--------+-----+--------+

Top non-repeatable levels by time:
     D:2: 1444 daAuts
     D:1: 1031 daAuts
     D:3: 359 daAuts
